AoeStats
← ElZorro63

Arabia

510442677Analyzed
2v2 RM · 18h ago on Oct 1, 2026· 46m 19s· 4 players
Game mode
Random Map
Map size
Medium (4 player)
Population
200
Speed
Normal
Resources
Standard
Victory
Conquest
Starting age
Dark Age
Ending age
Imperial Age
RankedLock teamsTeams togetherTeam positionsShared explorationLock speedFull tech treeHidden civsTurbo modeCheats
Victory
Defeat
🇦🇷 Britons · Argentina
1268
+12
🇦🇷 Slavs · Argentina
1137
+18
🇺🇸 Slavs · United States
1199
-16
🇺🇸 Khmer · United States
1156
-14
jscheng35
7:01 Loom
9:08 Feudal Age
16:25 Double-Bit Axe
18:42 Horse Collar
19:29 Bloodlines
24:09 Castle Age
24:14 Pikeman
24:54 Squires
26:12 Forging
26:03 Scale Mail Armor
26:31 Bow Saw
25:54 Light Cavalry
26:35 Husbandry
29:36 Wheelbarrow
30:01 Heavy Plow
30:55 Scale Barding Armor
35:16 Hand Cart
34:46 Town Watch
39:33 Hand Cart
39:04 Town Watch
Wise Frog
8:29 Loom
10:17 Feudal Age
11:35 Horse Collar
11:42 Double-Bit Axe
15:22 Castle Age
16:58 Elite Skirmisher
21:31 Fletching
22:42 Padded Archer Armor
26:15 Leather Archer Armor
26:01 Bodkin Arrow
28:52 Ballistics
32:04 Wheelbarrow
32:09 Masonry
32:56 Bow Saw
35:37 Stone Mining
35:55 Gold Mining
38:50 Hand Cart
45:33 Imperial Age
43:49 Masonry
43:35 Murder Holes
45:47 Elite Ballista Elephant
46:48 Conscription
47:04 Hoardings
VL marianinka
6:49 Loom
9:16 Feudal Age
10:01 Double-Bit Axe
16:38 Fletching
20:05 Horse Collar
20:47 Gold Mining
24:31 Castle Age
22:53 Padded Archer Armor
23:45 Scale Mail Armor
24:35 Crossbowman
25:42 Bow Saw
31:07 Bodkin Arrow
31:28 Leather Archer Armor
32:21 Gold Shaft Mining
32:18 Ballistics
35:02 Town Watch
35:52 Wheelbarrow
38:51 Imperial Age
38:18 Heavy Plow
39:35 Hand Cart
40:15 Ring Archer Armor
39:47 Bracer
41:15 Chemistry
42:19 Pikeman
43:02 Squires
42:37 Arbalester
43:27 Halberdier
ElZorro63
6:21 Loom
9:31 Feudal Age
10:09 Double-Bit Axe
10:13 Man-at-Arms
14:04 Town Watch
19:29 Castle Age
17:58 Gold Mining
18:57 Bloodlines
19:34 Scale Barding Armor
19:33 Horse Collar
22:26 Husbandry
24:38 Bow Saw
24:55 Forging
26:19 Wheelbarrow
27:17 Chain Barding Armor
27:15 Long Swordsman
28:43 Squires
29:50 Iron Casting
29:18 Scale Mail Armor
29:29 Light Cavalry
30:50 Chain Mail Armor
37:14 Imperial Age
37:11 Iron Casting
36:51 Town Patrol
39:08 Plate Barding Armor
38:25 Two-Handed Swordsman
40:46 Hand Cart
40:14 Capped Ram
41:24 Champion
44:46 Conscription
44:34 Siege Ram
46:19 Druzhina
Connection lost

Rejoining the realm…

Still unreachable

The connection could not be restored.

Session expired

The server has moved on; the page needs a fresh start.